 Dungeon Crawl Stone Soup version 0.15-a0-1854-g6489380 (webtiles) character file.

206 JogiH the Insei (level 5, -12/26 HPs)
             Began as a Vine Stalker Transmuter on July 2, 2014.
             Killed by divine providence
             ... invoked by an orc priest
              (15 damage)
             ... on Level 5 of the Dungeon on July 3, 2014.
             The game lasted 00:17:34 (3210 turns).

JogiH the Insei (Vine Stalker Transmuter)           Turns: 3210, Time: 00:17:34

HP -12/26        AC  2     Str 12      XL: 5   Next: 84%
MP   0/12        EV 20     Int 14      God:
Gold 221         SH  0     Dex 20      Spells:  3 memorised,  1 level left

rFire  . . .     SeeInvis .       - Unarmed
rCold  . . .     Clarity  .     c - melded +0 robe
rNeg   . . .     rCorr    .     (shield currently unavailable)
rPois  x         rRot     +     (helmet currently unavailable)
rElec  .         Spirit   +     g - melded +0 cloak
SustAb .         Warding  .     j - melded +0 pair of gloves
rMut   .         Stasis   .     s - melded +0 pair of boots
Gourm  .                        (no amulet)
MR     ++...                    (no ring)
                                J - ring "Juroxaowk" {Wiz MR++}

@: spider-form (expiring), very slightly contaminated, very resistant to hostile
enchantments, fairly stealthy
A: (fangs 0), regeneration 1, magic shield, (antimagic bite), no device heal 3,
rot immunity
a: End Transformation


You were on level 5 of the Dungeon.
You were hungry.
You were in spider-form.
You visited 1 branch of the dungeon, and saw 5 of its levels.

You collected 221 gold pieces.

Inventory:

Hand weapons
 L - a +0 short sword of speed
 M - a cursed -3 long sword
 O - a +0 dagger of venom
 T - a +5 dagger of holy wrath
Missiles
 b - 12 arrows
 p - 3 needles of sleeping
 D - 8 bolts of flame
 N - 25 poisoned needles
Armour
 c - a +0 robe (melded)
 g - a +0 cloak (melded)
 j - a +0 pair of gloves (melded)
 s - a +0 pair of boots (melded)
 K - a +0 helmet
Comestibles
 a - 2 bread rations
 f - 9 fruits
 i - a slice of pizza
 v - a beef jerky
 F - a rotting chunk of worker ant flesh
 G - a royal jelly
 I - a meat ration
 R - a rotting chunk of bat flesh
 S - a chunk of adder flesh
Scrolls
 e - a scroll of fog {unknown}
 h - a scroll of recharging {unknown}
 k - 3 scrolls of immolation {unknown}
 l - 6 scrolls of identify {unknown}
 m - 4 scrolls of remove curse {unknown}
 t - a scroll of magic mapping {unknown}
 u - 2 scrolls of enchant weapon {unknown}
 y - a scroll of enchant armour {unknown}
 C - 2 scrolls of blinking {unknown}
 P - a scroll of noise {unknown}
 Q - 2 scrolls of fear {unknown}
Jewellery
 H - an uncursed ring of positive energy {unknown}
 J - the ring "Juroxaowk" (left front leg) {Wiz MR++}
   (You found it on level 5 of the Dungeon)

   [ring of wizardry]

   It improves your spell success rate.
   It affects your resistance to hostile enchantments.
Potions
 n - 2 potions of curing {unknown}
 o - a potion of flight {unknown}
 q - 2 potions of restore abilities {unknown}
 r - 3 potions of heal wounds {unknown}
 w - a potion of paralysis {unknown}
 x - a potion of haste {unknown}
 z - a potion of lignification {unknown}
 A - 2 potions of brilliance {unknown}
 B - a potion of degeneration {unknown}
 E - a potion of beneficial mutation {unknown}
Books
 d - a book of Changes

   Spells                             Type                      Level
   *Beastly Appendage                 Transmutation                1
   Sticks to Snakes                   Transmutation                2
   *Spider Form                       Transmutation/Poison         3
   *Ice Form                          Ice/Transmutation            4
   Blade Hands                        Transmutation                5


   Skills:
 * Level 1.6 Fighting
 + Level 2.4 Dodging
 * Level 2.3 Stealth
 + Level 3.7 Unarmed Combat
 + Level 2.9 Spellcasting
 + Level 2.8 Transmutations
 * Level 0.4 Ice Magic
 * Level 1.6 Poison Magic


You had one spell level left.
You knew the following spells:

 Your Spells              Type           Power        Failure   Level  Hunger
a - Beastly Appendage     Trmt           #.....       10%         1    #......
b - Spider Form           Trmt/Pois      #.........   24%         3    ###....
c - Ice Form              Ice/Trmt       #.........   82%         4    #####..


Dungeon Overview and Level Annotations

Branches:
Dungeon (5/15)
 Temple: D:4-7

Altars:
Yredelemnul

Annotations:
D:4 Sigmund


Innate Abilities, Weirdness & Mutations

((You have extremely sharp teeth.))*
Your natural rate of healing is unusually fast.
When hurt, damage is shared between your health and your magic reserves.
((Your bite disrupts and absorbs the magic of your enemies.))*
Potions and wands cannot restore your health.
You are immune to rotting.


Message History

You hit the orc but do no damage.
The orc looks even sicker.
You bite the orc, but do no damage.
The orc is heavily wounded.
The orc closely misses you.
You hit the orc.
You kill the orc!
You barely miss the orc. Your bite misses the orc. The orc closely misses you.
You bite the orc!
The orc is poisoned.
Your bite misses the orc.
The orc is severely wounded.
You kill the orc!
The orc priest mumbles some strange prayers to Beogh.
You feel a wave of unholy energy pass over you.
Your transformation is almost over.
The orc priest calls down the wrath of Beogh upon you.
Something smites you!
* * * LOW HITPOINT WARNING * * *
The orc priest calls down the wrath of Beogh upon you.
Something smites you!
Ouch! That really hurt!
You die...

..# #.##### ≈....# #...
....+ +...
#>..##+###+#...
#..............
..............
.............
###########...###+#...#
+.....so..)...+ +...+
##+###+####...# #...#
#..........# #...#
+..........+ +...'
#..........# ##...#
...#+##'####..#...## ..
+..........+...+
....####'#####+#...#
#................#


You could see an orc priest.

Vanquished Creatures
  A goliath beetle (D:3)
  A worker ant (D:5)
  5 adders
  A giant mite (D:3)
  3 giant geckos
  An ooze (D:1)
  5 orcs
  10 hobgoblins
  11 jackals
  3 quokkas
  A ball python (D:2)
  12 bats
  3 giant cockroaches
  2 giant newts (D:1)
  6 goblins
  15 kobolds
  8 rats
  A spectral orc (D:3)
  A plant (D:2)
90 creatures vanquished.

Notes
Turn   | Place    | Note
--------------------------------------------------------------
     0 | D:1      | JogiH, the Vine Stalker Transmuter, began the quest for the Orb.
     0 | D:1      | Reached XP level 1. HP: 9/9 MP: 3/3
   179 | D:1      | Reached XP level 2. HP: 14/14 MP: 3/5
   293 | D:1      | Reached skill level 1 in Fighting
   556 | D:1      | Reached XP level 3. HP: 18/18 MP: 7/7
   648 | D:2      | Reached skill level 1 in Stealth
  1281 | D:2      | Reached XP level 4. HP: 11/22 MP: 1/9
  1617 | D:2      | Learned a level 3 spell: Spider Form
  2023 | D:4      | Noticed Sigmund
  2198 | D:3      | Reached skill level 1 in Poison Magic
  2198 | D:3      | Reached XP level 5. HP: 25/25 MP: 8/12
  2208 | D:3      | Upgraded the game from 0.15-a0-1828-g04ddf54 to 0.15-a0-1854-g6489380
  2550 | D:3      | Found a basalt altar of Yredelemnul.
  2695 | D:3      | Learned a level 4 spell: Ice Form
  2807 | D:5      | Entered Level 5 of the Dungeon
  2825 | D:5      | Got an ancient pewter ring
  2826 | D:5      | Identified the ring "Juroxaowk" {Wiz MR++} (You found it on level 5 of the Dungeon)
  3210 | D:5      | Killed from afar by an orc priest

Action                   |  1- 3 |  4- 6 || total
-------------------------+-------+-------++-------
Melee: Unarmed           |   101 |   219 ||   320
 Cast: Beastly Appendage |    24 |    20 ||    44
       Spider Form       |       |     2 ||     2
 Stab: Sleeping          |       |     2 ||     2
